 Dungeon Crawl Stone Soup version 0.32-a0-953-g508020473e (webtiles) character file.

Game seed: 8492621363107667914

297442 Pooter the Warrior (level 20, -7/289 HPs)
             Began as a Minotaur Berserker on Apr 14, 2024.
             Was an Elder of Trog.
             Killed from afar by a deep elf zephyrmancer (13 damage)
             ... with a bolt of lightning
             ... on level 2 of the Elven Halls on Apr 17, 2024.
             The game lasted 03:49:29 (48333 turns).

Pooter the Warrior (Minotaur Berserker)            Turns: 48333, Time: 03:49:30

Health: -7/289     AC: 38    Str: 27    XL:     20   Next: 10%
Magic:  7/28       EV: 12    Int:  7    God:    Trog [****..]
Gold:   810        SH: 11    Dex: 12    Spells: 19/19 levels left

rFire   + + .        a - +9 broad axe (drain)
rCold   + + .        p - +6 buckler of Vanity {rPois Stlth+}
rNeg    + . .        z - +7 plate armour of Defiance {rC+ Slay+3}
rPois   +            k - +2 hat of Protective Custody {+Inv rElec rC+ MP+9}
rElec   +            w - +3 cloak "Gasmal" {Harm rElec Str-2}
rCorr   .            i - +3 Mad Mage's Maulers {Infuse+∞ VampMP -Cast}
SInv    +            o - +1 pair of boots of Grot {Harm rF+ Int+3 Stlth-}
Will    +++..        S - amulet of regeneration Stlth
                     R - +4 ring of slaying
HPRegen 2.48/turn    F - ring "Ocveomen" {rF+ rN+ SInv}
MPRegen 0.21/turn

%: no spellcasting, harm (+45% outgoing, +30% incoming), infuse magic (7 MP)
@: mighty, berserking, about to teleport, strong-willed, regenerating, studying
Unarmed Combat, very quick
A: horns 2, retaliatory headbutt
}: 2/15 runes: decaying, serpentine
a: Renounce Religion, Evoke Invisibility, Berserk, Trog's Hand, Brothers in Arms


You were on level 2 of the Elven Halls.
You worshipped Trog.
Trog was greatly pleased with you.
You visited 6 branches of the dungeon, and saw 33 of its levels.
You visited 1 bazaar.
You also visited: Trove, Ossuary and Desolation.

You collected 3498 gold pieces.
You spent 2688 gold pieces at shops.

Inventory:

Hand Weapons
 a - a +9 broad axe of draining (weapon)
   (You took it off an orc warrior on level 6 of the Dungeon)
 b - the +2 hand cannon of the Stork {freeze, *Slow Int+5}
   (You acquired it on level 1 of the Lair of Beasts)

   Int+5:     It affects your intelligence (+5).
   *Slow:     It may slow you when you take damage.
 c - the +8 war axe of Prudence {spect, Will+}
   (You found it on level 2 of the Swamp)

   Will+:     It increases your willpower.
 e - a +9 war axe of flaming
   (Trog gifted it to you on level 1 of the Snake Pit)
Missiles
 A - 15 curare-tipped darts
 X - 23 boomerangs (quivered)
Armour
 i - the +3 Mad Mage's Maulers (worn) {Infuse+∞ VampMP -Cast}
   (You found it in a treasure trove)

   Infuse+∞: It empowers its wearer's blows with all of their magic.
   VampMP:    Blows struck in melee replenish the wearer's magic.
   -Cast:     It prevents spellcasting.
 k - the +2 hat of Protective Custody (worn) {+Inv rElec rC+ MP+9}
   (You acquired it on level 3 of the Lair of Beasts)

   rC+:       It protects you from cold.
   rElec:     It insulates you from electricity.
   MP+9:      It affects your magic capacity (+9).
   +Inv:      It lets you turn invisible.
 o - the +1 pair of boots of Grot (worn) {Harm rF+ Int+3 Stlth-}
   (You found it on level 9 of the Dungeon)

   Int+3:     It affects your intelligence (+3).
   rF+:       It protects you from fire.
   Harm:      It increases damage dealt and taken.
   Stlth-:    It makes you less stealthy.
 p - the +6 buckler of Vanity (worn) {rPois Stlth+}
   (You found it on level 3 of the Dungeon)

   rPois:     It protects you from poison.
   Stlth+:    It makes you more stealthy.
 w - the +3 cloak "Gasmal" (worn) {Harm rElec Str-2}
   (You acquired it on level 2 of the Orcish Mines)

   Str-2:     It affects your strength (-2).
   rElec:     It insulates you from electricity.
   Harm:      It increases damage dealt and taken.
 z - the +7 plate armour of Defiance (worn) {rC+ Slay+3}
   (You found it in the Desolation of Salt)

   Slay+3:    It affects your accuracy & damage with ranged weapons and melee
   (+3).
   rC+:       It protects you from cold.
 L - the +1 hat of Gravity {rN+}
   (You found it in a treasure trove)

   rN+:       It protects you from negative energy.
 P - a +2 hat of see invisible
   (You found it in a treasure trove)
 U - a +0 pair of gloves of infusion
   (You found it in the Desolation of Salt)
Jewellery
 u - a +6 ring of dexterity
   (You found it on level 2 of the Swamp)
 y - a +5 ring of evasion
   (You found it on level 5 of the Dungeon)
 C - a ring of resist corrosion
   (You found it on level 9 of the Dungeon)
 E - a ring of ice
   (You took it off Fannar on level 10 of the Dungeon)
 F - the ring "Ocveomen" (right hand) {rF+ rN+ SInv}
   (You bought it in a shop on level 15 of the Dungeon)

   [ring of see invisible]

   rF+:       It protects you from fire.
   rN+:       It protects you from negative energy.
   SInv:      It lets you see invisible.
 G - an amulet of guardian spirit
   (You took it off an imperial myrmidon in the Desolation of Salt)
 J - a ring of fire
   (You found it on level 14 of the Dungeon)
 N - a ring of positive energy
   (You found it on level 11 of the Dungeon)
 R - a +4 ring of slaying (left hand)
   (You found it on level 3 of the Elven Halls)
 S - an amulet of regeneration (around neck)
   (You found it on level 5 of the Lair of Beasts)
 V - the ring of Byacexeam {Fly Int+4}
   (You found it on level 11 of the Dungeon)

   [ring of flight]

   Int+4:     It affects your intelligence (+4).
   Fly:       It grants you flight.
 W - a +4 ring of protection
   (You found it on level 11 of the Dungeon)
Wands
 d - a wand of iceblast (15)
   (You found it on level 2 of the Lair of Beasts)
 f - a wand of flame (63)
   (You took it off an orc on level 6 of the Dungeon)
 n - a wand of polymorph (38)
   (You took it off Crazy Yiuf on level 5 of the Dungeon)
 q - a wand of charming (25)
   (You found it on level 9 of the Dungeon)
 x - a wand of acid (25)
   (You found it on level 1 of the Lair of Beasts)
 Y - a wand of mindburst (24)
   (You found it on level 12 of the Dungeon)
Scrolls
 j - 6 scrolls of noise {!r}
 s - 4 scrolls of revelation
 t - 10 scrolls of teleportation {@r4}
 B - 4 scrolls of fog
 K - 7 scrolls of immolation {!r}
 O - 3 scrolls of brand weapon
 Q - a scroll of silence
 T - 4 scrolls of blinking
Potions
 g - 11 potions of curing {@q1}
 h - a potion of invisibility
 l - 6 potions of attraction {!q}
 m - 5 potions of mutation {!q}
 r - 4 potions of enlightenment
 v - 2 potions of cancellation
 D - 2 potions of heal wounds {@q2}
 H - 4 potions of resistance
 I - 3 potions of lignification {!q}
 M - 7 potions of might
 Z - 3 potions of haste {@q3}


   Skills:
 + Level 20.0 Fighting
 - Level 18.0 Axes
 - Level 18.0 Ranged Weapons
 - Level 7.8 Throwing
 + Level 15.8 Armour
 * Level 14.2 Dodging
 + Level 8.8 Stealth
 - Level 5.8 Shields
 - Level 10.0 Evocations


You had 19 spell levels left.
You didn't know any spells.
Your spell library was empty.

Dungeon Overview and Level Annotations

Branches:
Dungeon (15/15) Zot: 24931  Temple (0/1) D:5            Lair (5/5) D:9 Zot: 21927
  Swamp (4/4) Lair:2 Zot: 17018   Snake (4/4) Lair:2 Zot: 14862   Slime (0/5) Lair:4
    Orc (2/2) D:11 Zot: 9168     Elf (3/3) Orc:2 Zot: 12812  Vaults (0/5) D:14
 Depths (0/4) D:15        Ossuary (visited)         Desolation (visited)

Altars:
Ashenzari
Gozag
Nemelex Xobeh
Qazlal
Ru
Trog
Uskayaw
Jiyva

Shops:
D:9 [   D:13 !   D:15 =   Orc:2 ?:?*   Elf:1 !   Elf:2 [   Snake:1 :?
Snake:3 *

Annotations:
Elf:2 3 runed translucent doors


Innate Abilities, Weirdness & Mutations

You have a pair of horns on your head.
You reflexively headbutt those who attack you in melee.


Message History

The deep elf annihilator blinks!
The deep elf high priest utters an invocation to its god.
The deep elf high priest begins emitting a brilliant aura!
The deep elf sorcerer is empowered by the deep elf high priest's aura!
The deep elf annihilator is empowered by the deep elf high priest's aura!
The deep elf elementalist is empowered by the deep elf high priest's aura! x2
The deep elf annihilator is empowered by the deep elf high priest's aura! x2
You hear a shout!
A mysterious force pulls you upwards. The hatch slams shut behind you.
Level annotation: 3 runed translucent doors The deep elf zephyrmancer shouts!
The deep elf knight shouts!
You hear a shout! x3
The +6 halberd of protection hits you from afar!
* * * LOW HITPOINT WARNING * * *
The +6 halberd of protection hits you but does no damage.
The deep elf knight shoots an arrow.
The arrow hits you but does no damage.
The +6 halberd of protection hits you from afar!
* * * LOW HITPOINT WARNING * * *
As you read the scroll of teleportation {@r4}, it crumbles to dust.
You feel strangely unstable.
The deep elf knight shoots an arrow.
The arrow barely misses you.
The deep elf knight gestures wildly while chanting.
The deep elf knight seems to speed up.
The deep elf zephyrmancer points at you and mumbles some strange words.
The bolt of lightning misses you.
The bolt of lightning hits the +6 halberd of protection.
The +6 halberd of protection completely resists.
A deep elf zephyrmancer comes into view.
It is wielding a +0 short sword.
The +6 halberd of protection hits you from afar!
* * * LOW HITPOINT WARNING * * *
A red film seems to cover your vision as you go berserk!
You feel yourself moving faster!
You feel mighty!
The deep elf knight unwields a +0 long sword.
The deep elf knight wields a +0 longbow.
The deep elf knight shoots an arrow.
The arrow barely misses you.
The +6 halberd of protection hits you from afar!
* * * LOW HITPOINT WARNING * * *
The deep elf knight gestures at you while chanting.
The shard of ice hits you! You partially resist.
* * * LOW HITPOINT WARNING * * *
The deep elf knight shoots an arrow.
The arrow hits you but does no damage.
The +6 halberd of protection hits you from afar!
* * * LOW HITPOINT WARNING * * *
* * * LOW MAGIC WARNING * * *
You cut the deep elf knight into ribbons!!!
You kill the deep elf knight!
Trog accepts your kill.
Trog appreciates your killing of a magic user.
The deep elf zephyrmancer casts a spell at you.
The bolt of lightning hits you! You resist.
You die...

##### . ##...## .
..###.....###..
...............
...............
........(....e....
...e..............
..........@.......
###
#.........).....e.
#..
#e........(.e.....
###
##................. #
###.........###......
##..........# #.....
#...........# .....
##.....e....## ....e
###.........#


You could see 2 deep elf knights, 4 deep elf zephyrmancers and 2 dancing
weapons.

Vanquished Creatures
  Nikola (Snake:4)
  2 tentacled monstrosities
  A quicksilver dragon (Snake:4)
  The ghost of glaedl the Executioner, an adept MiBe of Trog (Snake:3)
  A thorn hunter (Swamp:4)
  Donald (Snake:1)
  8 nagarajas
  3 fenstrider witches
  The ghost of Atupnera the Unseen, an adept OpDe of Gozag (Elf:1)
  An imperial myrmidon (Desolation)
  3 ghouls (Swamp:3)
  2 very ugly things (Swamp:4)
  6 eleionomae
  2 deep elf annihilators (Elf:3)
  A deep elf death mage (Elf:3)
  The ghost of Lueser the Toxicologist, a journeyman NaAl of Dithmenos (Lair:3)
  7 bunyips
  3 halazid warlocks (Desolation)
  2 deep elf demonologists (Elf:3)
  A crystal guardian (Desolation)
  A shambling mangrove (Swamp:3)
  2 green deaths (Swamp:4)
  A fire dragon (Lair:4)
  Snorg (Orc:1)
  6 servants of whispers (Desolation)
  7 peacekeepers
  2 vault guards (D:14)
  Harold (D:9)
  4 ragged hierophants (Desolation)
  Fannar (D:10)
  A spriggan air mage (Swamp:4)
  17 hydras
  4 salamander tyrants
  A sphinx zombie (D:15)
  5 alligators
  A catoblepas (D:14)
  8 centaur warriors
  13 anacondas
  A radroach (shapeshifter) (Elf:3)
  A ghost crab (Swamp:3)
  2 boulder beetles
  12 dancing weapons
  5 two-headed ogres
  4 death yaks
  13 naga warriors
  8 naga sharpshooters
  2 thrashing horrors (Swamp:4)
  11 shock serpents
  3 skeletal warriors (D:15)
  12 deep elf knights
  14 deep elf archers
  A sea snake (shapeshifter) (Elf:1)
  2 salamander mystics (Snake:3)
  6 swamp dragons
  A glowing orange brain (shapeshifter) (Elf:1)
  An obsidian statue (Snake:3)
  4 goliath frogs
  9 spriggan druids
  11 mana vipers
  3 arcanists (D:14)
  A flayed ghost (D:15)
  3 ironbound convokers (Desolation)
  10 naga ritualists
  17 deep elf zephyrmancers
  7 orc knights
  10 bog bodies
  23 deep elf pyromancers
  2 necromancers
  2 manticores
  3 orc sorcerers
  2 wolf spiders (Lair:5)
  6 cyclopes
  13 salamanders
  4 ugly things
  4 will-o-the-wisps
  A meliai (shapeshifter) (D:14)
  3 meliai (D:15)
  6 elephants
  55 black mambas
  A water nymph (shapeshifter) (Elf:3)
  6 kobold blastminers
  10 naga magi
  Joseph (D:10)
  8 guardian serpents
  4 orange demons (Swamp:4)
  2 torpor snails (Lair:3)
  An unseen horror zombie (D:8)
  16 cane toads
  An unseen horror (D:12)
  2 rime drakes
  An unseen horror (shapeshifter) (Elf:2)
  A freezing wraith (D:15)
  An efreet (D:12)
  6 komodo dragons
  6 trolls
  Psyche (D:8)
  9 tyrant leeches
  12 hornets
  2 polar bears
  13 blink frogs
  2 dream sheep (Lair:3)
  55 saltlings
  A wind drake (shapeshifter) (Elf:1)
  A spriggan zombie (D:15)
  An air elemental (Elf:3)
  2 shadows
  4 wraiths
  15 slime creatures
  10 spriggans
  A spriggan (shapeshifter) (Elf:1)
  2 water elementals
  63 yaks
  6 basilisks
  3 fire elementals
  17 humans (D:14)
  15 wyverns
  2 wargs
  3 redbacks (Lair:5)
  18 vampire mosquitoes
  A steam dragon (D:8)
  14 swamp worms
  28 nagas
  23 water moccasins
  5 swamp drakes
  37 orc warriors
  3 ice beasts
  A sky beast (D:7)
  5 black bears
  14 wolves
  A small abomination (Swamp:4)
  3 ogres (Orc:2)
  27 centaurs
  A phantom (D:5)
  5 kobold brigands
  13 bullfrogs
  7 earth elementals
  A weeping skull (Ossuary)
  A wyvern zombie (D:8)
  2 gnoll sergeants
  5 scorpions
  6 wights (D:8)
  A burial acolyte (Ossuary)
  27 killer bees
  An electric eel (Lair:4)
  6 howler monkeys
  A bombardier beetle (D:6)
  A human zombie (Ossuary)
  4 jellies
  Crazy Yiuf (D:5)
  2 centaur zombies (D:8)
  5 hounds
  19 orc priests
  3 iguanas
  19 orc wizards
  2 sleepcaps
  A killer bee zombie (D:8)
  5 mummies (Ossuary)
  A howler monkey zombie (D:8)
  21 gnolls
  9 adders
  3 ufetubi (D:7)
  7 dart slugs
  4 ribbon worms
  75 orcs
  16 endoplasms
  2 giant cockroaches (D:1)
  5 goblins
  10 hobgoblins
  2 jackals (D:2)
  21 kobolds
  2 quokkas
  11 ball pythons
  6 bats
  11 frilled lizards
  7 gnoll zombies (Ossuary)
  7 rats
1268 creatures vanquished.

Vanquished Creatures (collateral kills)
  A halazid warlock (Desolation)
  2 peacekeepers (Desolation)
  A ragged hierophant (Desolation)
  A naga warrior (Snake:3)
  A salamander (Snake:3)
  3 saltlings (Desolation)
  5 nagas (Snake:3)
14 creatures vanquished.

Vanquished Creatures (others)
  2 deep elf archers
  A saltling (Desolation)
  A kobold (D:8)
  18 foxfires
  A spectral weapon (Swamp:2)
23 creatures vanquished.

Grand Total: 1305 creatures vanquished

Notes
Turn   | Place    | Note
-------+----------+-------------------------------------------
     0 | D:1      | Pooter the Minotaur Berserker began the quest for the Orb.
     0 | D:1      | Reached XP level 1. HP: 19/19 MP: 0/0
   185 | D:1      | Reached XP level 2. HP: 27/27 MP: 1/1
   370 | D:1      | Reached skill level 4 in Fighting
   508 | D:1      | Found a faded altar of an unknown god.
   819 | D:1      | Reached XP level 3. HP: 28/33 MP: 2/2
  1080 | D:1      | Reached skill level 5 in Axes
  1382 | D:1      | Reached XP level 4. HP: 35/41 MP: 3/3
  1795 | D:2      | Reached ** piety under Trog
  2050 | D:2      | Reached XP level 5. HP: 39/47 MP: 4/4
  2217 | D:2      | Reached skill level 5 in Fighting
  2483 | D:3      | Identified the +6 buckler of Vanity {rPois Stlth+}
  2751 | D:3      | Reached *** piety under Trog
  3578 | D:4      | Reached XP level 6. HP: 27/56 MP: 5/5
  3801 | D:5      | Entered Level 5 of the Dungeon
  3907 | D:5      | Reached skill level 1 in Throwing
  3937 | D:5      | Found a staircase to the Ecumenical Temple.
  4070 | D:5      | Found a broken altar of Ashenzari.
  4144 | D:5      | Reached skill level 6 in Fighting
  4144 | D:5      | Reached XP level 7. HP: 59/63 MP: 6/6
  4374 | D:5      | Found a runed translucent door.
  4569 | D:5      | Noticed Crazy Yiuf
  4578 | D:5      | Killed Crazy Yiuf
  4651 | D:6      | Noticed a yak
  4652 | D:6      | Noticed a yak
  4656 | D:6      | Noticed a yak
  4658 | D:6      | Noticed a yak
  4666 | D:5      | Killed a yak
  4798 | D:6      | Found a sacrificial altar of Ru.
  4829 | D:6      | Noticed a yak
  4843 | D:6      | Killed a yak
  4844 | D:6      | Reached XP level 8. HP: 71/71 MP: 7/7
  4850 | D:6      | Reached skill level 7 in Fighting
  4902 | D:6      | Reached skill level 10 in Axes
  4930 | D:6      | Found a sand-covered staircase.
  4940 | Ossuary  | Entered an ossuary
  5261 | D:6      | Reached skill level 8 in Fighting
  5266 | D:6      | Reached skill level 5 in Throwing
  5266 | D:6      | Reached XP level 9. HP: 81/81 MP: 8/8
  5352 | D:6      | Reached **** piety under Trog
  5985 | D:7      | Reached skill level 9 in Fighting
  6183 | D:7      | Noticed a cyclops
  6189 | D:7      | Killed a cyclops
  6292 | D:7      | Reached XP level 10. HP: 91/91 MP: 9/9
  6391 | D:7      | Identified the +0 ring mail of Eniomp {Harm *Slow rN+++
                  | Int-5}
  6397 | D:7      | Noticed a two-headed ogre
  6397 | D:7      | Noticed a manticore
  6403 | D:7      | Killed a manticore
  6417 | D:7      | Killed a two-headed ogre
  6418 | D:7      | Reached skill level 10 in Fighting
  7061 | D:8      | Noticed Psyche
  7073 | D:8      | Killed Psyche
  7671 | D:9      | Reached skill level 1 in Ranged Weapons
  7678 | D:9      | Identified the +1 pair of boots of Grot {Harm rF+ Int+3
                  | Stlth-}
  7694 | D:9      | Found a stormy altar of Qazlal.
  7706 | D:9      | Reached skill level 11 in Fighting
  7744 | D:9      | Reached XP level 11. HP: 102/102 MP: 10/10
  7900 | D:9      | Reached skill level 15 in Axes
  7938 | D:9      | Upgraded the game from 0.32-a0-931-g5a2cda0630 to
                  | 0.32-a0-933-ga8fa3634e4
  8009 | D:9      | Found Anerasa's Antique Armour Boutique.
  8017 | D:9      | Bought a glowing scarf for 232 gold pieces
  8162 | D:9      | Found a staircase to the Lair.
  8686 | D:9      | Found a sparkling altar of Nemelex Xobeh.
  8745 | D:10     | Entered Level 10 of the Dungeon
  8755 | D:10     | Noticed Harold
  8756 | D:10     | Noticed Joseph
  8803 | D:9      | Killed Harold
  8846 | D:10     | Killed Joseph
  8847 | D:10     | Reached skill level 5 in Ranged Weapons
  8879 | D:10     | Noticed Fannar
  8892 | D:10     | Killed Fannar
  9560 | Lair:1   | Entered Level 1 of the Lair of Beasts
  9571 | Lair:1   | Reached skill level 12 in Fighting
  9616 | Lair:1   | Reached ***** piety under Trog
  9767 | Lair:1   | Reached skill level 1 in Evocations
  9767 | Lair:1   | Reached XP level 12. HP: 89/112 MP: 11/11
 10022 | Lair:1   | Identified a scroll of acquirement
 10022 | Lair:1   | Acquired the +2 hand cannon of the Stork {freeze, *Slow
                  | Int+5}
 10749 | Lair:2   | Noticed a boulder beetle
 10764 | Lair:2   | Killed a boulder beetle
 11030 | Lair:2   | Found a staircase to the Snake Pit.
 11369 | Lair:2   | Reached skill level 13 in Fighting
 11372 | Lair:2   | Found a staircase to the Swamp.
 11538 | Lair:3   | Acquired the +2 hat of Protective Custody {+Inv rElec rC+
                  | MP+9}
 11560 | Lair:3   | Reached skill level 10 in Ranged Weapons
 11795 | Lair:3   | Noticed a seven-headed hydra
 11801 | Lair:3   | Killed a seven-headed hydra
 11935 | Lair:3   | Found a runed translucent door.
 11988 | Lair:3   | Noticed Lueser's ghost (journeyman NaAl)
 12035 | Lair:3   | Noticed a death yak
 12036 | Lair:3   | Noticed a death yak
 12036 | Lair:3   | Noticed a death yak
 12049 | Lair:2   | Killed a death yak
 12385 | Lair:2   | Killed a death yak
 12386 | Lair:2   | Reached XP level 13. HP: 122/122 MP: 12/12
 13288 | Lair:3   | Killed Lueser's ghost
 13289 | Lair:3   | Reached skill level 14 in Fighting
 13607 | Lair:4   | Found a viscous altar of Jiyva.
 13619 | Lair:4   | You fall into a shaft and drop 1 floor!
 13619 | Lair:5   | Entered Level 5 of the Lair of Beasts
 14772 | Lair:5   | Reached skill level 15 in Fighting
 14920 | Lair:5   | Reached XP level 14. HP: 133/135 MP: 13/13
 15378 | Lair:5   | Identified the +3 leather armour "Xidwoepn" {rElec Will+
                  | Int+2}
 15684 | Lair:4   | Found a hide-covered altar of Uskayaw.
 15753 | Lair:4   | Received a gift from Trog
 16047 | Lair:4   | Found a staircase to the Slime Pits.
 16512 | Lair:4   | Identified the +4 robe of the Aged Kissing Lies {+Blink rF+
                  | Int-3}
 17835 | D:11     | Identified the ring of Byacexeam {Fly Int+4}
 18102 | D:11     | Found a staircase to the Orcish Mines.
 18212 | Orc:1    | Entered Level 1 of the Orcish Mines
 18222 | Orc:1    | Reached skill level 15 in Ranged Weapons
 18442 | Orc:1    | Reached skill level 1 in Stealth
 18555 | Orc:1    | Noticed Snorg
 18561 | Orc:1    | Killed Snorg
 18730 | Orc:2    | Entered Level 2 of the Orcish Mines
 18870 | Orc:1    | Upgraded the game from 0.32-a0-933-ga8fa3634e4 to
                  | 0.32-a0-938-g40ac7a0f4d
 19202 | Orc:2    | Paralysed by an orc sorcerer for 3 turns
 19300 | Orc:2    | Found a staircase to the Elven Halls.
 19365 | Orc:2    | Reached skill level 16 in Fighting
 19368 | Orc:2    | Received a gift from Trog
 19961 | Orc:2    | Paralysed by an orc sorcerer for 4 turns
 20361 | Orc:2    | Found Uriasef's Book Emporium.
 20361 | Orc:2    | Found Septaf's Magic Scroll Shop.
 20363 | Orc:2    | Found Jyhac's General Store.
 20365 | Orc:2    | Found Guvinku's Magic Scroll Shoppe.
 20370 | Orc:2    | Bought a scroll of revelation for 97 gold pieces
 20370 | Orc:2    | Bought a scroll of enchant weapon for 97 gold pieces
 20370 | Orc:2    | Bought a scroll of identify for 26 gold pieces
 20374 | Orc:2    | Bought a scroll of identify for 28 gold pieces
 20374 | Orc:2    | Bought a scroll of fear for 56 gold pieces
 20374 | Orc:2    | Bought a scroll of teleportation for 42 gold pieces
 20380 | Orc:2    | Bought a scroll of identify for 26 gold pieces
 20380 | Orc:2    | Bought a scroll of identify for 26 gold pieces
 20380 | Orc:2    | Bought a scroll of acquirement for 676 gold pieces
 20380 | Orc:2    | Bought a scroll of identify for 26 gold pieces
 20382 | Orc:2    | Acquired the +3 cloak "Gasmal" {Harm rElec Str-2}
 20394 | Orc:2    | Reached XP level 15. HP: 144/144 MP: 14/14
 20631 | Orc:2    | Upgraded the game from 0.32-a0-938-g40ac7a0f4d to
                  | 0.32-a0-953-g508020473e
 20993 | D:12     | Identified the +4 dagger of Gallantry {drain, Fly rF+++
                  | rCorr Dex-5}
 22054 | D:13     | Reached XP level 16. HP: 139/142 MP: 15/15
 22176 | D:13     | Found Zegoyliu's Distillery.
 22179 | D:13     | Bought a potion of resistance for 150 gold pieces
 22179 | D:13     | Bought a potion of might for 60 gold pieces
 22179 | D:13     | Bought 2 potions of might for 120 gold pieces
 22179 | D:13     | Bought a potion of mutation for 120 gold pieces
 22334 | D:14     | Found a flickering gateway to a bazaar.
 22340 | Bazaar   | Entered a bazaar
 22340 | Bazaar   | Found Nyulosass's General Store.
 22349 | Bazaar   | Found Caamme's Antique Weapon Emporium.
 22352 | Bazaar   | Found Qevviot's Assorted Antiques.
 22389 | Bazaar   | Found Keugou's Antique Armour Boutique.
 22389 | Bazaar   | Found Ighuk's Distillery.
 22399 | Bazaar   | Bought a potion of heal wounds for 65 gold pieces
 22399 | Bazaar   | Bought a potion of heal wounds for 65 gold pieces
 22399 | Bazaar   | Bought a potion of heal wounds for 65 gold pieces
 22399 | Bazaar   | Bought a potion of heal wounds for 65 gold pieces
 22421 | Bazaar   | Bought a potion of heal wounds for 55 gold pieces
 22421 | Bazaar   | Bought a scroll of enchant weapon for 82 gold pieces
 22433 | Bazaar   | Bought a fuming orange potion for 21 gold pieces
 22555 | D:14     | Found a gate to the Vaults.
 23075 | D:15     | Entered Level 15 of the Dungeon
 23184 | D:15     | Found a transporter.
 23184 | D:15     | Found a transporter.
 23535 | D:15     | Found a staircase to the Depths.
 23601 | D:15     | Found a bloodstained altar of Trog.
 23707 | D:15     | Reached skill level 10 in Armour
 23806 | D:15     | Found Ykluf's One-of-a-Kind Rings.
 24430 | Swamp:1  | Entered Level 1 of the Swamp
 24999 | Swamp:1  | Reached skill level 5 in Evocations
 25001 | Swamp:1  | Noticed a tentacled monstrosity
 25024 | Swamp:1  | Killed a tentacled monstrosity
 25508 | Swamp:2  | Paralysed by a fenstrider witch for 5 turns
 25797 | Swamp:2  | Reached skill level 17 in Fighting
 25880 | Swamp:2  | Identified the +8 war axe of Prudence {spect, Will+}
 26266 | Swamp:3  | Received a gift from Trog
 26555 | Orc:2    | Bought a scroll of brand weapon for 123 gold pieces
 26870 | Swamp:3  | Reached skill level 1 in Shields
 26936 | Swamp:3  | Reached XP level 17. HP: 156/161 MP: 16/16
 27419 | Swamp:4  | Entered Level 4 of the Swamp
 27625 | Swamp:4  | Reached skill level 5 in Dodging
 28148 | Swamp:4  | Reached ****** piety under Trog
 28709 | Swamp:4  | Received a gift from Trog
 31168 | Swamp:4  | Noticed a tentacled monstrosity
 31181 | Swamp:4  | Killed a tentacled monstrosity
 31605 | Swamp:4  | Got a decaying rune of Zot
 32070 | D:15     | Bought the ring "Ocveomen" {rF+ rN+ SInv} for 365 gold
                  | pieces
 32290 | Snake:1  | Entered Level 1 of the Snake Pit
 32360 | Snake:1  | Reached skill level 5 in Shields
 33159 | Snake:1  | Found Itomaphute's Magic Scroll Emporium.
 33164 | Snake:1  | Found Luqiarph's Book Emporium.
 33183 | Snake:1  | Reached skill level 5 in Stealth
 33200 | Snake:1  | Reached skill level 18 in Fighting
 33677 | Snake:1  | Received a gift from Trog
 33728 | Snake:1  | Noticed Donald
 33733 | Snake:1  | Killed Donald
 33844 | Snake:2  | Reached XP level 18. HP: 172/172 MP: 17/17
 36680 | Snake:3  | Found a runed translucent gate.
 36681 | Snake:3  | Found a runed translucent gate.
 36681 | Snake:3  | Found an opulent altar of Gozag.
 36682 | Snake:3  | Found a runed translucent gate.
 36693 | Snake:3  | Noticed glaedl's ghost (adept MiBe)
 36697 | Snake:3  | Reached skill level 10 in Dodging
 36699 | Snake:3  | Found Nago's Assorted Antiques.
 36715 | Snake:3  | Received a gift from Trog
 36765 | Snake:3  | Killed glaedl's ghost
 37179 | Snake:4  | Entered Level 4 of the Snake Pit
 37315 | Snake:4  | Noticed Nikola
 37324 | Snake:4  | Killed Nikola
 39088 | Snake:4  | Reached skill level 19 in Fighting
 39105 | Snake:4  | Received a gift from Trog
 40222 | Snake:4  | Reached XP level 19. HP: 155/182 MP: 18/18
 41085 | Snake:4  | Got a serpentine rune of Zot
 41609 | Elf:1    | Entered Level 1 of the Elven Halls
 42536 | Elf:1    | Found Rumy's Distillery.
 42544 | Elf:1    | Noticed Atupnera's ghost (adept OpDe)
 42585 | Elf:1    | Found a runed translucent gate.
 42588 | Elf:1    | Found a runed translucent gate.
 42590 | Elf:1    | Found a runed translucent gate.
 42628 | Elf:1    | Killed Atupnera's ghost
 43630 | Elf:2    | Received a gift from Trog
 43661 | Elf:2    | Found Xipev's Antique Armour Shop.
 43822 | Elf:2    | Found a crumbling gateway.
 43831 | Desolati | Entered the Desolation of Salt
 44008 | Desolati | Reached skill level 15 in Armour
 44580 | Desolati | Identified the ring "Quthutho" {Will+ MP+9 Str+2}
 44583 | Desolati | Identified the +2 steam dragon scales of Restlessness
                  | {rElec MP-9 Str+3 Dex+6}
 44583 | Desolati | Identified the amulet "Yni Pil" {Faith Harm rElec rCorr
                  | Int+3}
 44715 | Desolati | Identified the +0 chain mail "Canog" {*Slow Will+ Dex+4
                  | SInv}
 44718 | Desolati | Identified the +7 plate armour of Defiance {rC+ Slay+3}
 45425 | Elf:2    | Found a runed translucent gate.
 45426 | Elf:2    | Found a runed translucent gate.
 45426 | Elf:2    | Found a runed translucent gate.
 45479 | Elf:2    | Received a gift from Trog
 46090 | Elf:3    | Entered Level 3 of the Elven Halls
 46261 | Elf:3    | Reached skill level 10 in Evocations
 46538 | Elf:3    | Found a portal to a secret trove of treasure.
 46552 | Elf:3    | You paid a toll of 4 scrolls of fear to enter a treasure
                  | trove
 46553 | Trove    | Entered a treasure trove
 46558 | Trove    | Found the +5 moon troll leather armour {Spirit, Regen++
                  | MP+5}
 46558 | Trove    | Found the +3 Mad Mage's Maulers {Infuse+∞ VampMP -Cast}
 46561 | Trove    | Identified the +0 cloak of the Kraken {rPois Regen+ Dex-2
                  | Stlth+}
 46565 | Trove    | Identified the scarf of Amorality {shadows, rF- Str+2
                  | Dex+2}
 46566 | Trove    | Identified the +8 chain mail of Mumblety Peg {rElec rF-
                  | Dex+2}
 46568 | Trove    | Identified the +1 hat of Gravity {rN+}
 46931 | Elf:3    | Reached XP level 20. HP: 191/193 MP: 0/19
 47338 | Elf:3    | Reached skill level 20 in Fighting
 47893 | Elf:2    | HP: 5/193 [deep elf zephyrmancer/bolt of lightning (6)]
 48332 | Elf:2    | HP: 5/289 [+6 halberd of protection (14)]
 48333 | Elf:2    | Killed from afar by a deep elf zephyrmancer

Illustrated notes

Levels and vault maps discovered:
D:1:      eino_arrival_cavern_a, layout_basic, shapermc_ecumenical_altar_petra,
          nrook_loot_triangle, minmay_misc_feat_nine_boxes
D:2:      minmay_thinvault, layout_rooms
D:3:      layout_loops_ring
D:4:      layout_basic, minmay_lizard_king
D:5:      layout_cave_pools, mainiacjoe_overflow_surrounded_room,
          minmay_temple_entry_gardened_gates, uniq_crazy_yiuf_cottage
D:6:      layout_rooms, mainiacjoe_overflow_brackets,
          mainiacjoe_ossuary_entry_dusty_tomb, minmay_large_rounded_square,
          nicolae_kite_square_tiling_tiny
D:7:      layout_gridville, minmay_shattered_shrine
D:8:      layout_rooms, serial_undead, serial_undead_c, serial_undead_f,
          serial_undead_b, serial_undead_d, st_stairs_11, uniq_psyche
D:9:      layout_basic, nicolae_qazlal_general_emergency,
          mainiacjoe_overflow_six_doors_small, minmay_lair_entry_grove,
          serial_shops, nicolae_square_shop
D:10:     layout_roguey, kennysheep_windowed_goal, uniq_joseph, uniq_fannar,
          uniq_harold
D:11:     layout_basic, orc_0_dummy
D:12:     layout_irregular_city, serial_column_ruins,
          column_ruins_columns_straight, column_ruins_open_tiny_water,
          column_ruins_columns_straight, column_ruins_grid_3,
          column_ruins_grid_1, column_ruins_open_small
D:13:     layout_rooms, serial_shops, nicolae_shop_real_fake_doors
D:14:     layout_basic, grunt_vaults_entry_tiered, serial_shops, bzr_entry_safe
D:15:     gammafunk_depths_entry_grave, layout_loops_ring,
          trog_three_pillars_becter, nicolae_shop_unique_rings,
          nicolae_diode_stairs
Lair:1:   layout_cellular_growth
Lair:2:   layout_misc_corridors, mainiacjoe_swamp_entry_angry_trees,
          guppyfry_snake_entry_garden, fungi_pond_lemuel
Lair:3:   layout_small_grid, ebering_ghost_inner_flame,
          nicolae_lair_grazing_beasts [nicolae_sub_lair_graze_edge,
          nicolae_sub_lair_graze_edge, nicolae_sub_lair_graze_edge,
          nicolae_sub_lair_graze_edge], grunt_megastairs_2
Lair:4:   dragon1_lemuel, layout_loops_ring, slime_entry_2, basic_altar
Lair:5:   hangedman_lair_tendril_chambers, layout_gridlike, pond
Swamp:1:  layout_falls_marsh, hangedman_swamp_ruin_wall
Swamp:2:  layout_falls_marsh, wheals_swamp_sinkhole, nicolae_swamp_bean_lake,
          nicolae_swamp_spooky_pond, infiniplex_staircase_pool
Swamp:3:  nicolae_swamp_wrong_neighborhood, layout_basic_swamp,
          hangedman_swamp_pad, nicolae_swamp_decorative_isthmus
Swamp:4:  swamp_vile, layout_basic_swamp
Snake:1:  layout_misc_corridors, st_stairs_12, grunt_megastairs_1,
          minmay_shop_star, uniq_donald
Snake:2:  layout_misc_corridors, serial_library_hellmonk_hallway_a,
          grunt_megastairs_4
Snake:3:  layout_cave_town, ebering_ghost_gozag
Snake:4:  hellmonk_snake_rune_quicksilver_temple, layout_onion, uniq_nikola
Orc:1:    layout_caves, uniq_snorg
Orc:2:    st_orc_rangers, layout_caves, nicolae_volcano_entry_s_turn
Elf:1:    layout_loops_corners, gammafunk_ghost_split, serial_shops, shop,
          kilobyte_rumbling_trees, ebering_dispersal_statue_hall, st_stairs_9
Elf:2:    nicolae_elf_blades_crystal_corner, layout_gridlike,
          portal_desolation_entry_salt, serial_shops, nicolae_shop_hallway_plus
Elf:3:    minmay_elf_hall_dome, layout_loops_corners,
          nicolae_trove_entry_free_sample

Skill      XL: |  1  2  3  4  5  6  7  8  9 10 11 12 13 14 15 16 17 18 19 20 |
---------------+-------------------------------------------------------------+-----
Axes           | 4 5 6 7 9 11 12 14 16 17 18 | 18.0
Fighting       | 4 5 6 8 9 11 12 13 15 16 17 18 19 20 | 20.0
Throwing       | 1 3 5 6 7 |  7.8
Ranged Weapons | 1 7 10 14 16 18 | 18.0
Evocations     | 1 3 6 7 8 10 | 10.0
Armour         | 7 8 11 13 14 15 | 15.8
Stealth        | 2 3 5 7 8 |  8.8
Shields        | 1 5 |  5.8
Dodging        | 3 8 11 13 14 | 14.2

Action                     |  1- 3 |  4- 6 |  7- 9 | 10-12 | 13-15 | 16-18 | 19-21 || total
---------------------------+-------+-------+-------+-------+-------+-------+-------++-------
  Melee: Hand axe          |    62 |   222 |    34 |       |       |       |       ||   318
         Headbutt          |     7 |    33 |    32 |    64 |    73 |   126 |    72 ||   407
         Broad axe         |       |       |   171 |   356 |   402 |   563 |   326 ||  1818
         Morningstar       |       |       |       |    13 |     9 |       |       ||    22
         War axe           |       |       |       |       |       |    36 |       ||    36
         Hand cannon       |       |       |       |       |       |       |     2 ||     2
   Fire: Sling             |       |       |       |    17 |       |       |       ||    17
         Hand cannon       |       |       |       |    58 |   219 |   475 |   191 ||   943
  Throw: Dart              |       |     2 |     3 |       |    27 |       |       ||    32
         Boomerang         |       |       |       |    21 |       |     3 |     4 ||    28
 Invoke: Berserk           |     4 |     2 |     9 |    16 |    11 |     9 |     3 ||    54
         Trog's Hand       |       |       |    11 |    15 |    17 |    16 |    12 ||    71
         Brothers in Arms  |       |       |       |       |       |     1 |     3 ||     4
Ability: Evoke Invisibilit |       |       |       |       |       |     1 |     1 ||     2
  Evoke: Wand              |       |       |     1 |       |     3 |     6 |     1 ||    11
    Use: Scroll            |       |     4 |     7 |    18 |    13 |    18 |    12 ||    72
         Potion            |       |       |     3 |     1 |     2 |     8 |     6 ||    20
   Stab: Invisible         |       |       |       |       |       |     7 |       ||     7
         Distracted        |       |       |       |       |       |     1 |       ||     1
 Armour: Animal skin       |    66 |    40 |       |       |       |       |       ||   106
         Chain mail        |       |    57 |     7 |       |       |       |       ||    64
         Plate armour      |       |       |    95 |   280 |   419 |   693 |   280 ||  1767
  Dodge: Dodged            |    36 |    76 |    69 |   169 |   274 |   321 |   182 ||  1127
  Block: Buckler           |       |    37 |    82 |   184 |   258 |   337 |   157 ||  1055

Table legend: (Time is in decaauts)
 A = Elapsed time spent in this place.
 B = Non-inter-level travel time spent in this place.
 C = Inter-level travel time spent in this place.
 D = Time resting spent in this place.
 E = Time spent auto-exploring this place.
 F = Levels seen in this place.
 G = Mean time per level.
                   A        B        C        D        E       F      G
               +--------+--------+--------+--------+--------+-----+--------+
         Total |  48822 |  46063 |   2759 |  19920 |  17804 |  37 | 1319.5 |
       Dungeon |  14963 |  13414 |   1549 |   2634 |   8146 |  15 |  997.5 |
          Lair |   8072 |   7508 |    564 |   2701 |   3496 |   5 | 1614.4 |
         Swamp |   6981 |   6748 |    233 |   4339 |   1622 |   4 | 1745.2 |
     Snake Pit |   9137 |   8922 |    215 |   5629 |   1954 |   4 | 2284.2 |
  Orcish Mines |   2831 |   2672 |    159 |   1382 |    770 |   2 | 1415.5 |
   Elven Halls |   5187 |   5152 |     35 |   2548 |   1378 |   3 | 1729.0 |
        Bazaar |    116 |    116 |      0 |      0 |     55 |   1 |  116.0 |
         Trove |     44 |     44 |      0 |      0 |      0 |   1 |   44.0 |
       Ossuary |    272 |    272 |      0 |     75 |     73 |   1 |  272.0 |
    Desolation |   1215 |   1215 |      0 |    610 |    309 |   1 | 1215.0 |
               +--------+--------+--------+--------+--------+-----+--------+

Top non-repeatable levels by time:
 Swamp:4: 4320 daAuts
 Snake:4: 4164 daAuts
 Snake:3: 2484 daAuts
  Lair:5: 2431 daAuts
   Elf:3: 2075 daAuts
   Elf:1: 1732 daAuts
   Orc:2: 1731 daAuts
  Lair:3: 1728 daAuts
  Lair:2: 1557 daAuts
 Snake:1: 1555 daAuts
     D:1: 1483 daAuts
   Elf:2: 1379 daAuts
     D:9: 1330 daAuts
    D:11: 1283 daAuts
Desolation: 1215 daAuts
